 Dungeon Crawl Stone Soup version 0.20.1-1-g8b1a95d (webtiles) character file.

8685 lorenzova the Thaumaturge (level 11, 0/54 HPs)
             Began as a Deep Elf Conjurer on Nov 9, 2017.
             Was a High Priest of Vehumet.
             Killed by an exploding fulminant prism (22 damage)
             ... created by the player character
             ... on level 10 of the Dungeon.
             The game lasted 00:34:23 (12749 turns).

lorenzova the Thaumaturge (Deep Elf Conjurer)      Turns: 12749, Time: 00:34:24

Health: 0/54       AC:  2    Str:  9    XL:     11   Next: 13%
Magic:  22/31      EV: 13    Int: 24    God:    Vehumet [*****.]
Gold:   406        SH:  0    Dex: 17    Spells: 27/38 levels left

rFire    . . .     SeeInvis .   V - +4 trident of Division {freeze, +Blink}
rCold    . . .     Gourm    .   (no shield)
rNeg     . . .     Faith    .   H - +0 robe (curse)
rPois    .         Spirit   .   (no helmet)
rElec    .         Reflect  .   (no cloak)
rCorr    .         Harm     .   (no gloves)
MR       +....                  (no boots)
Stlth    ++........             (no amulet)
Regen    0.2/turn               m - +2 ring of dexterity
MPRegen  0.3/turn               t - +4 ring of strength

@: lethally poisoned (0 -> -14)
A: no striking features
a: Renounce Religion, Evoke Blink


You were on level 10 of the Dungeon.
You worshipped Vehumet.
Vehumet was extremely pleased with you.
You were near starving.

You visited 1 branch of the dungeon, and saw 10 of its levels.
You also visited: Sewer.

You collected 406 gold pieces.

Inventory:

Hand Weapons
 o - a +2 hand axe of freezing
 p - a +0 dagger of speed
 D - a +0 dagger of electrocution
 V - the +4 trident of Division (weapon) {freeze, +Blink}
   (You took it off an orc wizard on level 9 of the Dungeon)

   It has been specially enchanted to freeze those struck by it, causing extra
   injury to most foes and up to half again as much damage against particularly
   susceptible opponents.
   It can also slow down cold-blooded creatures.
   It lets you blink.
Armour
 a - a +0 robe
 H - a cursed +0 robe (worn)
Magical Staves
 K - an uncursed staff of death
Jewellery
 m - a +2 ring of dexterity (left hand)
 t - a +4 ring of strength (right hand)
Wands
 y - a wand of paralysis (13/24)
 J - a wand of flame (31/48)
 L - a wand of random effects (24/48)
 O - a wand of digging (5/24)
 Q - a wand of enslavement (14/24)
 T - a wand of paralysis (18/24)
Scrolls
 d - 6 scrolls of teleportation
 e - 5 scrolls of remove curse {unknown}
 f - a scroll of noise {unknown}
 g - a scroll of enchant armour {unknown}
 i - a scroll of identify
 k - 2 scrolls of random uselessness {unknown}
 l - 4 scrolls of fear {unknown}
 n - 5 scrolls of immolation {unknown}
 w - a scroll of blinking {unknown}
 A - 2 scrolls of fog {unknown}
 B - 2 scrolls of magic mapping {unknown}
 C - a scroll of torment {unknown}
 G - 3 scrolls of recharging {unknown}
 S - a scroll of summoning {unknown}
 U - a scroll of enchant weapon {unknown}
Potions
 h - 2 potions of flight
 j - 11 potions of curing
 q - 4 potions of agility
 r - 4 potions of brilliance
 u - a potion of invisibility
 v - a potion of resistance
 x - a potion of magic
 E - 5 potions of might
 F - 2 potions of heal wounds
 I - 2 potions of mutation {unknown}
 N - a potion of degeneration {unknown}
 P - a potion of lignification {unknown}
Books
 b - a book of Conjurations

   Spells                             Type                      Level
   a - Magic Dart                     Conjuration                  1
   b - Searing Ray                    Conjuration                  2
   c - Dazzling Spray                 Conjuration/Hexes            3
   d - Fulminant Prism                Conjuration/Hexes            4
   e - Force Lance                    Conjuration/Translocation    4
   f - Iskenderun's Mystic Blast      Conjuration                  4
 M - a Young Poisoner's Handbook

   Spells                             Type                      Level
   a - Sting                          Conjuration/Poison           1
   b - Poisonous Vapours              Poison/Air                   2
   c - Mephitic Cloud                 Conjuration/Poison/Air       3
   d - Olgreb's Toxic Radiance        Poison                       4
   e - Venom Bolt                     Conjuration/Poison           5
Comestibles
 c - 12 bread rations
 s - 8 meat rations
 z - a royal jelly
 R - a fruit


   Skills:
 - Level 2.4 Dodging
 - Level 2.4 Stealth
 * Level 14.4 Spellcasting
 * Level 12.6 Conjurations
 + Level 9.0 Hexes


You had 27 spell levels left.
You knew the following spells:

 Your Spells              Type           Power        Failure   Level  Hunger
a - Magic Dart            Conj           ####         0%          1    None
b - Searing Ray           Conj           ######       1%          2    None
c - Iskenderun's Mystic   Conj           ######..     1%          4    None
d - Fulminant Prism       Conj/Hex       ######....   1%          4    None


Dungeon Overview and Level Annotations

Branches:
Dungeon (10/15)            Temple (0/1) D:4
   Lair: D:8-11         Orc: D:9-12

Altars:
Hepliaklqana
Kikubaaqudgha
Nemelex Xobeh
Ru
Vehumet
Xom
Yredelemnul
Zin
The Shining One

Shops:
D:6 ?


Message History

The killer bee stings your fulminant prism.
The killer bee stings you.
The killer bee stings your fulminant prism.
The killer bee stings you!
You are more poisoned.
The killer bee poisons you!
Your fulminant prism explodes!
The blast of energy engulfs the killer bee.
You kill the killer bee!
Vehumet accepts your kill.
You feel your power returning.
The blast of energy engulfs the killer bee.
You kill the killer bee!
Vehumet accepts your kill.
You feel your power returning.
The blast of energy engulfs the killer bee.
You kill the killer bee!
Vehumet accepts your kill. The blast of energy engulfs you!
You die...

#..# ######..#
###
........####...
...............
..........y...#
..?.......†...#
#......$...#
#...@†.....#
#..........#
#..........#
#..........#
#########... ..
#


You could see a killer bee.

Vanquished Creatures
  3 two-headed ogres
  The ghost of Regeox the Chopper, a novice HOFi of Okawaru (D:6)
  Joseph (D:7)
  A troll (D:8)
  The ghost of Chudej the Thaumaturge, a novice DECj of Sif Muna (D:5)
  Prince Ribbit (D:7)
  A shadow (D:9)
  A spriggan (D:7)
  Grum (D:9)
  A water moccasin (D:5)
  Duvessa (D:7)
  3 ice beasts
  3 orc warriors (D:9)
  A sky beast (D:8)
  A necrophage (D:8)
  2 phantoms
  5 ogres
  3 wolves (D:9)
  A centaur (D:6)
  3 big kobolds
  A gnoll sergeant (D:5)
  3 bullfrogs
  Dowan (D:7)
  2 scorpions (D:8)
  3 wights (D:8)
  11 killer bees
  2 vampire bats (D:3)
  6 howler monkeys
  3 crimson imps
  A quasit (D:10)
  Crazy Yiuf (D:7)
  5 hounds
  11 orc wizards
  A gnoll shaman (D:8)
  4 orc priests
  3 bullfrog skeletons
  Jessica (D:2)
  7 worker ants
  A hound skeleton (D:9)
  7 gnolls
  A howler monkey skeleton (D:4)
  6 river rats (Sewer)
  14 adders
  An adder skeleton (D:4)
  5 worms
  2 dart slugs
  5 leopard geckos
  40 orcs
  5 ball pythons
  8 bats
  A bat skeleton (D:3)
  3 bat zombies (D:3)
  8 giant cockroaches
  12 goblins
  9 hobgoblins
  22 jackals
  31 kobolds
  11 quokkas
  A ball python skeleton (D:4)
  7 frilled lizards
  A jackal zombie (D:7)
  A leopard gecko skeleton (D:4)
  A leopard gecko zombie (D:8)
  A quokka skeleton (D:9)
  A quokka zombie (D:7)
  36 rats
  A bush (D:3)
343 creatures vanquished.

Vanquished Creatures (others)
  42 fulminant prisms
  A plant (D:3)
43 creatures vanquished.

Grand Total: 386 creatures vanquished

Notes
Turn   | Place    | Note
-------+----------+-------------------------------------------
     0 | D:1      | lorenzova the Deep Elf Conjurer began the quest for the Orb.
     0 | D:1      | Reached XP level 1. HP: 10/10 MP: 6/6
   257 | D:1      | Reached XP level 2. HP: 15/15 MP: 4/8
   261 | D:1      | Learned a level 2 spell: Searing Ray
   545 | D:1      | Reached skill level 4 in Spellcasting
   722 | D:1      | Reached XP level 3. HP: 18/19 MP: 0/10
   920 | D:1      | Reached skill level 5 in Conjurations
  1264 | D:2      | Found a hazy altar of Hepliaklqana.
  1551 | D:2      | Noticed Jessica
  1557 | D:2      | Killed Jessica
  1557 | D:2      | Reached XP level 4. HP: 16/24 MP: 4/12
  1781 | D:2      | Reached skill level 5 in Spellcasting
  1915 | D:2      | Found a faded altar of an unknown god.
  2131 | D:2      | Found a radiant altar of Vehumet.
  2140 | D:2      | Became a worshipper of Vehumet
  2267 | D:2      | Reached XP level 5. HP: 22/28 MP: 9/14
  2432 | D:3      | Learned a level 4 spell: Iskenderun's Mystic Blast
  2721 | D:3      | Found an ancient bone altar of Kikubaaqudgha.
  2733 | D:3      | Reached skill level 6 in Spellcasting
  2872 | D:3      | Reached XP level 6. HP: 32/32 MP: 9/17
  3098 | D:3      | Reached * piety under Vehumet
  3098 | D:3      | Offered knowledge of Sandblast by Vehumet.
  3889 | D:4      | Reached skill level 7 in Spellcasting
  4015 | D:4      | Learned a level 4 spell: Fulminant Prism
  4198 | D:4      | Found a sparkling altar of Nemelex Xobeh.
  4271 | D:4      | Offered knowledge of Throw Flame by Vehumet.
  4274 | D:4      | Reached ** piety under Vehumet
  4287 | D:4      | Reached skill level 1 in Hexes
  4348 | D:4      | Reached XP level 7. HP: 30/36 MP: 11/19
  4745 | D:4      | Found a staircase to the Ecumenical Temple.
  5039 | D:5      | Entered Level 5 of the Dungeon
  5050 | D:5      | Noticed Chudej's ghost (novice DECj)
  5054 | D:5      | Killed Chudej's ghost
  5054 | D:5      | Reached skill level 8 in Spellcasting
  5436 | D:5      | Reached XP level 8. HP: 41/41 MP: 6/22
  5604 | D:5      | Reached skill level 9 in Spellcasting
  5914 | D:5      | Offered knowledge of Mephitic Cloud by Vehumet.
  6015 | D:5      | Found a glowing golden altar of the Shining One.
  6156 | D:6      | Found a glowing drain.
  6181 | D:6      | Reached *** piety under Vehumet
  6183 | Sewer    | Entered a sewer
  6358 | Sewer    | Reached skill level 10 in Spellcasting
  6390 | Sewer    | HP: 2/41 [rat (2)]
  6392 | Sewer    | Offered knowledge of Ignite Poison by Vehumet.
  6842 | Sewer    | Reached **** piety under Vehumet
  7219 | D:6      | Noticed Regeox's ghost (novice HOFi)
  7264 | D:6      | Killed Regeox's ghost
  7264 | D:6      | Reached skill level 11 in Spellcasting
  7264 | D:6      | Reached skill level 5 in Hexes
  7264 | D:6      | Reached XP level 9. HP: 45/45 MP: 1/26
  7414 | D:6      | Found Ediorch's Magic Scroll Emporium.
  7770 | D:7      | Offered knowledge of Bolt of Draining by Vehumet.
  7829 | D:7      | Found a shimmering altar of Xom.
  7831 | D:7      | Found a shimmering altar of Xom.
  7834 | D:7      | Found a shimmering altar of Xom.
  7835 | D:7      | Found a shimmering altar of Xom.
  7835 | D:7      | Found a shimmering altar of Xom.
  7835 | D:7      | Found a shimmering altar of Xom.
  7836 | D:7      | Found a shimmering altar of Xom.
  7916 | D:7      | Found a sacrificial altar of Ru.
  7968 | D:7      | Noticed Duvessa
  7968 | D:7      | Noticed Dowan
  7978 | D:7      | Killed Duvessa
  7978 | D:7      | Reached skill level 10 in Conjurations
  7980 | D:7      | Killed Dowan
  8392 | D:7      | Noticed Joseph
  8408 | D:7      | Killed Joseph
  8759 | D:7      | Noticed Prince Ribbit
  8764 | D:7      | Killed Prince Ribbit
  8944 | D:7      | Reached skill level 12 in Spellcasting
  9079 | D:7      | Found a runed door.
  9331 | D:7      | Noticed Crazy Yiuf
  9336 | D:7      | Killed Crazy Yiuf
  9782 | D:8      | Noticed a two-headed ogre
  9786 | D:8      | Killed a two-headed ogre
  9786 | D:8      | Reached XP level 10. HP: 50/50 MP: 18/28
  9903 | D:8      | Noticed a two-headed ogre
  9908 | D:8      | Killed a two-headed ogre
  9908 | D:8      | Reached skill level 13 in Spellcasting
 10311 | D:8      | Found a basalt altar of Yredelemnul.
 10395 | D:8      | Found a glowing silver altar of Zin.
 10507 | D:8      | Reached ***** piety under Vehumet
 10990 | D:8      | Offered knowledge of Freezing Cloud by Vehumet.
 11579 | D:9      | Noticed Grum
 11584 | D:9      | Killed Grum
 11584 | D:9      | Reached skill level 14 in Spellcasting
 11765 | D:9      | Noticed a two-headed ogre
 11769 | D:9      | Killed a two-headed ogre
 11769 | D:9      | Reached XP level 11. HP: 54/54 MP: 21/31
 12731 | D:9      | Got a faintly glowing trident {freeze}
 12732 | D:9      | Identified the +4 trident of Division {freeze, +Blink} (You took it off an orc wizard on level 9 of the Dungeon)
 12742 | D:10     | Entered Level 10 of the Dungeon
 12749 | D:10     | Killed by an exploding fulminant prism

Skill      XL: |  1  2  3  4  5  6  7  8  9 10 11 |
---------------+----------------------------------+-----
Spellcasting   | 4 5 6 7 8 11 12 14 | 14.4
Conjurations   | 5 6 7 8 9 11 12 | 12.6
Hexes          | 1 3 5 7 8 9 |  9.0
Dodging        | |  2.4
Stealth        | |  2.4

Action                   |  1- 3 |  4- 6 |  7- 9 | 10-12 || total
-------------------------+-------+-------+-------+-------++-------
Melee: Unarmed           |     3 |       |       |       ||     3
       Hand axe          |       |    39 |     1 |       ||    40
       Dagger            |       |       |     7 |     1 ||     8
 Cast: Magic Dart        |   100 |   156 |   164 |   135 ||   555
       Searing Ray       |     1 |     2 |     1 |     1 ||     5
       Iskenderun's Myst |       |     4 |    65 |    53 ||   122
       Fulminant Prism   |       |     1 |    22 |    21 ||    44
  Use: Scroll            |       |       |    10 |       ||    10
       Potion            |       |       |     1 |       ||     1
  Eat: Chunk             |     2 |     8 |    16 |     8 ||    34
       Royal jelly       |       |       |     1 |       ||     1
Armor: Robe              |     1 |     7 |     9 |     3 ||    20
Dodge: Dodged            |     7 |    31 |    73 |    26 ||   137
